 Dungeon Crawl Stone Soup version 0.27-a0-911-gfacc31910f (webtiles) character file.

Game seed: 15354280265808250790

202 DwarfAlpaca the Magician (level 5, -1/35 HPs)
             Began as a Djinni Hedge Wizard on Apr 9, 2021.
             Shot with an arrow by a centaur (2 damage)
             ... on level 3 of the Dungeon.
             The game lasted 00:12:15 (4030 turns).

DwarfAlpaca the Magician (Djinni Hedge Wizard)      Turns: 4030, Time: 00:12:16

Health: -1/35      AC:  2    Str: 15    XL:     5   Next: 80%
Gold:   132        EV: 12    Int: 16    God:
                   SH:  0    Dex: 13

rFire    + + .     SeeInvis .   i - +0 dagger (protect)
rCold    x . .     Faith    .   (no shield)
rNeg     . . .     Spirit   .   b - +0 robe
rPois    ∞         Reflect  .   c - +0 hat
rElec    .         Harm     .   (no cloak)
rCorr    +         Rampage  .   (no gloves)
Will     .....                  (boots unavailable)
Stlth    ++........             (no amulet)
HPRegen  0.11/turn              e - ring of resist corrosion
MPRegen  0.00/turn              p - +6 ring of strength

@: flying, very slightly contaminated
A: fire resistance 2, cold vulnerability 1, float, innate caster, hp casting,
extra vitality 1
a: no special abilities


You were on level 3 of the Dungeon.
You visited 1 branch of the dungeon, and saw 3 of its levels.
You also visited: Sewer.

You collected 132 gold pieces.

Inventory:

Hand Weapons
 i - a +0 dagger of protection (weapon)
Armour
 b - a +0 robe (worn)
 c - a +0 hat (worn)
Jewellery
 e - a ring of resist corrosion (left hand)
 p - a +6 ring of strength (right hand)
Wands
 t - a wand of random effects (17)
Scrolls
 a - a scroll of teleportation
 h - 4 scrolls of identify {unknown}
 k - a scroll of blinking {unknown}
 l - a scroll of fear {unknown}
 q - a scroll of holy word {unknown}
 r - a scroll of amnesia {unknown}
Potions
 d - 2 potions of flight {unknown}
 f - a potion of brilliance {unknown}
 g - a potion of mutation {unknown}
 j - 2 potions of might {unknown}
 m - a potion of heal wounds {unknown}
 n - 2 potions of lignification {unknown}
 o - 2 potions of attraction {unknown}
 s - a potion of invisibility {unknown}


   Skills:
 - Level 2.1 Dodging
 - Level 1.5 Stealth
 + Level 5.3 Spellcasting


You couldn't memorise any spells.
You knew the following spells:

 Your Spells              Type           Power      Damage    Failure   Level
a - Magic Dart            Conj           84%        1d7       1%          1
b - Blink                 Tloc           N/A        N/A       2%          2
c - Call Imp              Summ           21%        N/A       2%          2
d - Slow                  Hex            21%        N/A       2%          2
e - Conjure Flame         Conj/Fire      21%        6-21      4%          3
f - Mephitic Cloud        Conj/Pois/Air  21%        N/A       4%          3
g - Beastly Appendage     Tmut           42%        N/A       1%          1
h - Swiftness             Air            21%        N/A       2%          2
Your spell library was empty.

Dungeon Overview and Level Annotations

Branches:
Dungeon (3/15)              Sewer (visited)

Altars:
Hepliaklqana
Zin


Innate Abilities, Weirdness & Mutations

You are immune to poison.
Your flesh is very heat resistant. (rF++)
You are vulnerable to cold. (rC-)
You float through the air rather than walking.
You learn spells naturally, not from books.
Your magical power is your life essence.
You have superior vitality. (+4 HP)


Message History

Press: ? - help, Shift-Dir - straight line, f/p - adder
Aim: an adder (heavily wounded, 0% to evade)
The magic dart hits the adder!
You kill the adder!
Casting: Magic Dart (safe; 1% risk of failure)
Confirm with . or Enter, or press ? or * to list all spells.
You can't see any susceptible monsters within range! (Use Z to cast anyway.)
t - a wand of random effects (17)
A centaur comes into view.
The centaur shouts!
An adder comes into view.
The centaur wields a +2 vorpal shortbow.
The centaur shoots an arrow.
The arrow barely misses you.
Found 8 gold pieces.
There are monsters nearby!
Casting: Magic Dart (safe; 1% risk of failure)
Confirm with . or Enter, or press ? or * to list all spells.
You miscast Call Imp.
You are very lightly contaminated with residual magic.
Nothing appears to happen.
Casting: Call Imp (safe; 2% risk of failure)
Confirm with . or Enter, or press ? or * to list all spells.
A beastly little devil appears in a puff of frigid air.
Casting: Call Imp (safe; 2% risk of failure)
Confirm with . or Enter, or press ? or * to list all spells.
A beastly little devil appears in a puff of frigid air.
Casting: Call Imp (safe; 2% risk of failure)
Confirm with . or Enter, or press ? or * to list all spells.
A beastly little devil appears in a puff of frigid air.
The centaur shoots an arrow.
The arrow hits you!!
Ouch! That really hurt!
* * * LOW HITPOINT WARNING * * *
x2 You hear an angry hiss.
You swap places.
Unknown command.
The centaur shoots an arrow.
The arrow closely misses your white imp.
The arrow hits you.
* * * LOW HITPOINT WARNING * * *
You die...

#.#
#.#.........##*,,,,,,,,,#
#.#
#.#.......###*,,,,,,,,,,#
#.####.#....####
*,,****,***,#
#......#.#### *#..#*,,,*
*,# ########...###
*...#,c,,* *,* #.....##
*...#.S,,***,#
#......#*#.....,,,**,,#
#.###..##....#******,,#
#.###.@5#....# ***,,,#
#..##.55#....###*,,,,,*
#........c......,,,,,,*
###########.####*******
*,,,,,,,,,,,,
*************


You could see a centaur and 3 friendly white imps.

Vanquished Creatures
  Purgy (Sewer)
  3 adders
  4 dart slugs (D:1)
  3 ball pythons
  7 bats
  3 endoplasms
  5 giant cockroaches
  8 goblins
  8 hobgoblins
  A jackal (D:3)
  A quokka (D:1)
  3 frilled lizards
  8 kobolds
  2 rats (D:2)
57 creatures vanquished.

Vanquished Creatures (collateral kills)
  An orc wizard (D:3)
  3 adders (D:3)
4 creatures vanquished.

Vanquished Creatures (others)
  A plant (D:1)
  2 withered plants (D:1)
3 creatures vanquished.

Grand Total: 64 creatures vanquished

Notes
Turn   | Place    | Note
-------+----------+-------------------------------------------
     0 | D:1      | DwarfAlpaca the Djinni Hedge Wizard began the quest for the
                  | Orb.
     0 | D:1      | Reached XP level 1. HP: 15/15 MP: 0/0
   207 | D:1      | Reached skill level 3 in Spellcasting
   207 | D:1      | Reached XP level 2. HP: 14/21 MP: 0/0
   364 | D:1      | Found a faded altar of an unknown god.
  1075 | D:1      | Reached XP level 3. HP: 24/25 MP: 0/0
  1075 | D:1      | Learned a level 1 spell: Beastly Appendage
  1514 | D:2      | Reached skill level 4 in Spellcasting
  2257 | D:2      | Reached XP level 4. HP: 30/31 MP: 0/0
  2614 | D:3      | Found a glowing drain.
  2812 | Sewer    | Entered a sewer
  2941 | Sewer    | Noticed Purgy
  3164 | Sewer    | Killed Purgy
  3165 | Sewer    | Reached skill level 5 in Spellcasting
  3165 | Sewer    | Reached XP level 5. HP: 15/35 MP: 0/0
  3165 | Sewer    | Learned a level 2 spell: Swiftness
  3659 | D:3      | Found a faded altar of an unknown god.
  3660 | D:3      | Found a hazy altar of Hepliaklqana.
  3817 | D:3      | Found a glowing silver altar of Zin.
  4023 | D:3      | Noticed a centaur
  4030 | D:3      | HP: 1/35 [centaur/arrow (5)]
  4030 | D:3      | Shot with an arrow by a centaur

Illustrated notes

Levels and vault maps discovered:
D:1:      minmay_arrival_wavy_path, layout_rooms,
          shapermc_ecumenical_altar_flowoftime, minmay_pentomino_p2
D:2:      cheibrodos_greedy_goblins, layout_basic
D:3:      minmay_recursive_quarters, layout_basic,
          beargit_hepliaklqana_dungeon_heroes, lemuel_tele_altar,
          gup_sewer_entry_glass

Skill      XL: |  1  2  3  4 |
---------------+-------------+-----
Spellcasting   | 3 4 5 |  5.3
Dodging        | |  2.1
Stealth        | |  1.5

Action                   |  1- 3 |  4- 6 || total
-------------------------+-------+-------++-------
Melee: Dagger            |    23 |    26 ||    49
       Headbutt          |     2 |     3 ||     5
 Cast: Magic Dart        |    80 |    57 ||   137
       Call Imp          |     2 |    10 ||    12
       Beastly Appendage |     2 |       ||     2
       Conjure Flame     |       |     1 ||     1
  Use: Scroll            |       |     3 ||     3
 Stab: Distracted        |       |     1 ||     1
Armor: Robe              |     6 |    10 ||    16
Dodge: Dodged            |     7 |    26 ||    33

Table legend: (Time is in decaauts)
 A = Elapsed time spent in this place.
 B = Non-inter-level travel time spent in this place.
 C = Inter-level travel time spent in this place.
 D = Time resting spent in this place.
 E = Time spent auto-exploring this place.
 F = Levels seen in this place.
 G = Mean time per level.
                   A        B        C        D        E       F      G
               +--------+--------+--------+--------+--------+-----+--------+
         Total |   4030 |   3961 |     69 |   1008 |   2260 |   4 | 1007.5 |
       Dungeon |   3494 |   3425 |     69 |    653 |   2260 |   3 | 1164.7 |
         Sewer |    535 |    535 |      0 |    355 |      0 |   1 |  535.0 |
               +--------+--------+--------+--------+--------+-----+--------+

Top non-repeatable levels by time:
     D:1: 1472 daAuts
     D:2: 1096 daAuts
     D:3: 925 daAuts
   Sewer: 535 daAuts
